 Dungeon Crawl Stone Soup version 0.20.1-1-g8b1a95d (webtiles) character file.

133 Mesmaeker13 the Sneak (level 5, -3/26 HPs)
             Began as a Vine Stalker Assassin on July 11, 2017.
             Killed by nerve-wracking pain
             ... invoked by Grinder
              (9 damage)
             ... on level 3 of the Dungeon.
             The game lasted 00:04:06 (1932 turns).

Mesmaeker13 the Sneak (Vine Stalker Assassin)       Turns: 1932, Time: 00:04:07

Health: -3/26      AC:  4    Str: 13    XL:     5   Next: 16%
Magic:  0/15       EV: 12    Int: 11    God:
Gold:   95         SH:  0    Dex: 17    Spells: 4/4 levels left

rFire    . . .     SeeInvis .   a - +2 dagger
rCold    . . .     Gourm    .   (no shield)
rNeg     . . .     Faith    .   c - +0 robe
rPois    +         Spirit   +   (no helmet)
rElec    .         Reflect  .   d - +0 cloak
rCorr    .         Harm     .   (no gloves)
MR       .....                  o - +0 pair of boots
Stlth    +++.......             w - amulet of magic regeneration
Regen    0.5/turn               l - ring of poison resistance
MPRegen  0.3/turn               h - ring of magical power

@: no status effects
A: fangs 2, regeneration 1, magic shield, antimagic bite, no potion heal 3, rot
immunity
a: no special abilities


You were on level 3 of the Dungeon.
You were not hungry.

You visited 1 branch of the dungeon, and saw 3 of its levels.

You collected 95 gold pieces.

Inventory:

Hand Weapons
 a - a +2 dagger (weapon)
 b - a +1 blowgun
Missiles
 e - 7 poisoned needles
Armour
 c - a +0 robe (worn)
 d - a +0 cloak (worn)
 o - a +0 pair of boots (worn)
Jewellery
 h - a ring of magical power (right hand)
 l - a ring of poison resistance (left hand)
 w - an amulet of magic regeneration (around neck)
Scrolls
 j - a scroll of immolation {unknown}
 k - a scroll of amnesia
 t - a scroll of fear {unknown}
 v - 2 scrolls of remove curse {unknown}
Potions
 i - a potion of flight {unknown}
 m - a potion of ambrosia {unknown}
 n - a potion of mutation {unknown}
 p - 2 potions of curing {unknown}
 q - a potion of agility {unknown}
 s - a potion of berserk rage {unknown}
 u - a potion of degeneration {unknown}
 x - a potion of cancellation {unknown}
Comestibles
 g - 3 bread rations
 r - 5 chunks of flesh


   Skills:
 - Level 1.7 Fighting
 + Level 2.5 Short Blades
 + Level 3.1 Throwing
 + Level 1.7 Dodging
 + Level 5.8 Stealth


You had 4 spell levels left.
You didn't know any spells.

Dungeon Overview and Level Annotations

Branches:
Dungeon (3/15)

Altars:
Uskayaw

Annotations:
D:3 Grinder, Ijyb


Innate Abilities, Weirdness & Mutations

You have extremely sharp teeth.
Your natural rate of healing is unusually fast.
When hurt, damage is shared between your health and your magic reserves.
Your bite disrupts and absorbs the magic of your enemies.
Potions cannot restore your health.
You are immune to rotting.


Message History

Grinder gestures at you.
You suddenly lose the ability to move!
The bat hits you but does no damage. The bat hits you.
The goblin shoots a stone.
The stone hits you.
* * * LOW HITPOINT WARNING * * *
The bat hits you.
* * * LOW HITPOINT WARNING * * *
You can move again.
You see here a stone.
Sorry, you're not good enough to have a special ability.
Okay, then.
The bat misses you. Grinder gestures at you.
You struggle to resist.
The bat hits you but does no damage.
There is a stone staircase leading down here.
The bat hits you but does no damage. Grinder gestures at you.
Pain shoots through your body!
You die...

##### #####...#...#.#
##.....##.....(...# #
##...>.........(####..
#..[.........g(..##..#.
#............(..!......
#..?...........%.....##
#.........5......#####
#.........(.)....#
#......@>....[...#
##.......b......##
##.....##......#
############(## #..#
##.## ##).#
##..###########
#..............


You could see Grinder, a goblin and a bat.

Vanquished Creatures
  Natasha (D:2)
  4 gnolls (D:3)
  An adder (D:2)
  A worm (D:2)
  2 dart slugs (D:1)
  3 leopard geckos (D:1)
  A giant cockroach (D:2)
  7 goblins
  7 hobgoblins
  5 jackals
  3 quokkas
  2 bats
  5 frilled lizards
  4 kobolds
  4 rats
50 creatures vanquished.

Notes
Turn   | Place    | Note
-------+----------+-------------------------------------------
     0 | D:1      | Mesmaeker13 the Vine Stalker Assassin began the quest for the Orb.
     0 | D:1      | Reached XP level 1. HP: 11/11 MP: 2/2
   152 | D:1      | Reached skill level 1 in Dodging
   173 | D:1      | Reached skill level 5 in Stealth
   173 | D:1      | Reached XP level 2. HP: 11/15 MP: 3/3
   478 | D:1      | Reached XP level 3. HP: 18/18 MP: 4/4
   933 | D:2      | Found a hide-covered altar of Uskayaw.
  1502 | D:2      | Gained mutation: Your natural rate of healing is unusually fast. [Vine Stalker growth]
  1502 | D:2      | Reached XP level 4. HP: 20/23 MP: 5/5
  1539 | D:2      | Noticed Natasha
  1542 | D:2      | Killed Natasha
  1847 | D:3      | Reached XP level 5. HP: 14/26 MP: 6/6
  1909 | D:3      | Noticed Grinder
  1913 | D:3      | Noticed Ijyb
  1916 | D:3      | Paralysed by Grinder for 3 turns
  1927 | D:3      | Paralysed by Grinder for 3 turns
  1932 | D:3      | Killed from afar by Grinder

Skill      XL: |  1  2  3  4 |
---------------+-------------+-----
Dodging        | 1 |  1.7
Throwing       | 2 3 |  3.1
Stealth        | 5 |  5.8
Short Blades   | 2 |  2.5
Fighting       | |  1.7

Action                   |  1- 3 |  4- 6 || total
-------------------------+-------+-------++-------
Melee: Dagger            |   126 |    43 ||   169
       Bite              |    26 |    15 ||    41
 Fire: Blowgun           |     6 |     7 ||    13
  Use: Scroll            |     3 |       ||     3
 Stab: Sleeping          |     9 |     3 ||    12
  Eat: Chunk             |     2 |     1 ||     3
Armor: Robe              |    20 |    19 ||    39
Dodge: Dodged            |    51 |    24 ||    75
